 Dungeon Crawl Stone Soup version 0.29.1-4-g47bece8355 (webtiles) character file.

Game seed: 16455639013671509892

334021 lorin the Acrobat (level 20, -5/205 HPs)
             Began as a Minotaur Monk on Dec 10, 2022.
             Was the Champion of Okawaru.
             Slain by a yaktaur captain (16 damage)
             ... on level 1 of the Vaults.
             The game lasted 01:35:38 (38591 turns).

lorin the Acrobat (Minotaur Monk)                  Turns: 38591, Time: 01:35:39

Health: -5/205     AC: 35    Str: 17    XL:     20   Next: 93%
Magic:  24/24      EV: 33    Int: 14    God:    Okawaru [******]
Gold:   1020       SH: 11    Dex: 27    Spells: 19/19 levels left

rFire   + . .      SeeInvis +   b - +5 double sword (protect)
rCold   + . .      Faith    .   t - +3 buckler "Hath" {rPois Regen+ Slay+3}
rNeg    + + .      Spirit   .   R - +7 ring mail "Lomowur" {+Blink rElec rF+ rN+}
rPois   +          Reflect  .   x - +2 hat {Will+}
rElec   +          Harm     +   W - +4 cloak of Daffodils {Harm rN+}
rCorr   .          Rampage  +   d - +1 pair of gloves of the Depths {Will+ Int+3}
Will    +++..                   q - +1 pair of boots {rampage}
Stlth   ++........              i - amulet of Rar Idd {Acrobat rElec Int+4 SInv}
HPRegen 1.24/turn               M - +6 ring of dexterity
MPRegen 0.19/turn               T - ring of protection from cold

@: under a protective aura, studying Stealth
A: horns 2, retaliatory headbutt
}: 2/15 runes: serpentine, barnacled
a: Renounce Religion, Evoke Blink, Heroism, Finesse, Duel


You were on level 1 of the Vaults.
You worshipped Okawaru.
Okawaru was exalted by your worship.
You visited 8 branches of the dungeon, and saw 35 of its levels.
You also visited: Gauntlet, Ice Cave and Wizlab.

You collected 4004 gold pieces.
You spent 2984 gold pieces at shops.

Inventory:

Hand Weapons
 b - a +5 double sword of protection (weapon)
 m - the +4 scimitar of Lies {freeze, Fly Will+ Str+2}
   (Okawaru gifted it to you on level 2 of the Orcish Mines)

   It freezes those it strikes, dealing additional cold damage.
   It can also slow down cold-blooded creatures.
   Str:       It affects your strength (+2).
   Fly:       It grants you flight.
   Will:      It increases your willpower.
 z - a +2 scimitar of flaming
Missiles
 B - 23 javelins (quivered)
Armour
 d - the +1 pair of gloves of the Depths (worn) {Will+ Int+3}
   (You found it in a Gauntlet)

   Int:       It affects your intelligence (+3).
   Will:      It increases your willpower.
 q - a +1 pair of boots of rampaging (worn)
 t - the +3 buckler "Hath" (worn) {rPois Regen+ Slay+3}
   (Okawaru gifted it to you on level 14 of the Dungeon)

   Slay:      It affects your accuracy & damage with ranged weapons and melee
   (+3).
   rPois:     It protects you from poison.
   Regen:     It increases your rate of health regeneration.
 x - a +2 hat of willpower (worn)
 y - the +1 pair of boots of Barch {Harm +Blink rElec Str-3}
   (Okawaru gifted it to you on level 3 of the Elven Halls)

   Str:       It affects your strength (-3).
   rElec:     It insulates you from electricity.
   +Blink:    It lets you blink.
   Harm:      It increases damage dealt and taken.
 K - the +0 hat "Unaiclo" {rCorr}
   (Okawaru gifted it to you on level 3 of the Lair of Beasts)

   rCorr:     It protects you from acid and corrosion.
 R - the +7 ring mail "Lomowur" (worn) {+Blink rElec rF+ rN+}
   (Okawaru gifted it to you on level 11 of the Dungeon)

   rF:        It protects you from fire.
   rElec:     It insulates you from electricity.
   rN:        It protects you from negative energy.
   +Blink:    It lets you blink.
 W - the +4 cloak of Daffodils (worn) {Harm rN+}
   (You acquired it on level 5 of the Lair of Beasts)

   rN:        It protects you from negative energy.
   Harm:      It increases damage dealt and taken.
Jewellery
 e - the ring "Suepru" {Will+ Str+3 Int+5}
   (You found it in a Gauntlet)

   [ring of willpower]

   Str:       It affects your strength (+3).
   Int:       It affects your intelligence (+5).
   Will:      It increases your willpower.
 f - a +4 ring of evasion
 i - the amulet of Rar Idd (around neck) {Acrobat rElec Int+4 SInv}
   (You bought it in a shop on level 4 of the Dungeon)

   [amulet of the acrobat]

   It increases your evasion while moving and waiting.
   Int:       It affects your intelligence (+4).
   rElec:     It insulates you from electricity.
   SInv:      It lets you see invisible.
 M - a +6 ring of dexterity (left hand)
 T - a ring of protection from cold (right hand)
Wands
 u - a wand of flame (29)
 F - a wand of iceblast (20)
 L - a wand of light (12)
 S - a wand of polymorph (5)
 U - a wand of digging (5)
 Y - a wand of mindburst (12)
Scrolls
 a - 7 scrolls of immolation
 k - 5 scrolls of magic mapping
 o - 21 scrolls of teleportation
 p - 2 scrolls of acquirement
 w - 3 scrolls of poison
 C - 2 scrolls of blinking
 E - 7 scrolls of fear
 V - 7 scrolls of fog
Potions
 c - 6 potions of ambrosia
 g - 11 potions of might
 j - 4 potions of attraction
 l - a potion of brilliance
 n - 11 potions of heal wounds
 r - 4 potions of cancellation
 s - 23 potions of curing
 v - 9 potions of mutation
 A - 7 potions of magic
 N - 7 potions of haste
 O - a potion of berserk rage
 Q - 5 potions of invisibility
 X - a potion of flight
 Z - a potion of resistance
Miscellaneous
 h - a condenser vane


   Skills:
 - Level 23.7 Fighting
 + Level 22.1 Long Blades
 + Level 15.3 Armour
 + Level 24.5 Dodging
 - Level 1.5 Stealth
 - Level 8.1 Shields
 + Level 7.2 Invocations
 + Level 0.9 Evocations


You had 19 spell levels left.
You didn't know any spells.
Your spell library contained the following spells:

 Spells                   Type           Power      Damage    Failure   Level
 Apportation              Tloc           0%         N/A       47%         1
 Freeze                   Ice            0%         1d3       47%         1
 Necrotise                Necr           0%         1d4       47%         1
 Sandblast                Erth           0%         2d4       47%         1
 Blink                    Tloc           0%         N/A       63%         2
 Ensorcelled Hibernation  Hex/Ice        0%         N/A       63%         2
 Passwall                 Tmut/Erth      0%         N/A       63%         2
 Static Discharge         Conj/Air       0%         3-3/arc   63%         2
 Sublimation of Blood     Necr           0%         N/A       63%         2
 Confusing Touch          Hex            0%         N/A       85%         3
 Frozen Ramparts          Ice            0%         1d1       85%         3
 Gell's Gravitas          Tloc           0%         N/A       85%         3
 Lesser Beckoning         Tloc           0%         N/A       85%         3
 Portal Projectile        Hex/Tloc       0%         N/A       85%         3
 Spider Form              Tmut/Pois      0%         N/A       85%         3
 Stone Arrow              Conj/Erth      0%         3d7       85%         3
 Swiftness                Air            0%         N/A       85%         3
 Teleport Other           Tloc           0%         N/A       85%         3
 Airstrike                Air            0%         2d(0-16)  99%         4
 Anguish                  Hex/Necr       0%         N/A       99%         4
 Hailstorm                Conj/Ice       0%         3d3       99%         4
 Leda's Liquefaction      Hex/Erth       0%         N/A       99%         4
 Passage of Golubria      Tloc           0%         N/A       99%         4
 Petrify                  Tmut/Erth      0%         N/A       99%         4
 Borgnjor's Vile Clutch   Necr/Erth      0%         N/A       100%        5
 Freezing Cloud           Conj/Ice/Air   0%         6-21      100%        5
 Irradiate                Conj/Tmut      0%         3d11      100%        5
 Lee's Rapid Deconstruct  Erth           0%         3d5*      100%        5
 Lightning Bolt           Conj/Air       0%         1d11      100%        5
 Metabolic Englaciation   Hex/Ice        0%         N/A       100%        5
 Yara's Violent Unravell  Hex/Tmut       0%         3d3       100%        5
 Dispersal                Tloc           0%         N/A       100%        6
 Eringya's Noxious Bog    Tmut/Pois      0%         N/A       100%        6
 Statue Form              Tmut/Erth      0%         N/A       100%        6
 Dragon Form              Tmut           0%         N/A       100%        7
 Enfeeble                 Hex            0%         N/A       100%        7
 Lehudib's Crystal Spear  Conj/Erth      0%         10d2      100%        8
 Maxwell's Capacitive Co  Air            0%         ∞         100%        8
 Polar Vortex             Ice            0%         N/A       100%        9
 Summon Small Mammal      Summ           Unusable   N/A       N/A         1
 Call Canine Familiar     Summ           Unusable   N/A       N/A         3
 Animate Armour           Summ/Erth      Unusable   N/A       N/A         4
 Animate Dead             Necr           Unusable   N/A       N/A         4
 Summon Lightning Spire   Summ/Air       Unusable   N/A       N/A         4
 Summon Forest            Summ/Tloc      Unusable   N/A       N/A         5
 Death Channel            Necr           Unusable   N/A       N/A         6
 Simulacrum               Ice/Necr       Unusable   N/A       N/A         6
 Summon Hydra             Summ           Unusable   N/A       N/A         7

Dungeon Overview and Level Annotations

Branches:
Dungeon (15/15)            Temple (1/1) D:6            Lair (5/5) D:10
 Shoals (4/4) Lair:2        Snake (4/4) Lair:3        Slime (0/5) Lair:5
    Orc (2/2) D:9             Elf (3/3) Orc:2        Vaults (1/5) D:14
 Depths (0/4) D:15          IceCv (visited)          WizLab (visited)
Gauntlet (visited)

Altars:
Ashenzari
Cheibriados
Dithmenos
Elyvilon
Fedhas
Gozag
Hepliaklqana
Kikubaaqudgha
Makhleb
Nemelex Xobeh
Okawaru
Qazlal
Ru
Sif Muna
Trog
Uskayaw
Vehumet
Wu Jian
Xom
Yredelemnul
Zin
The Shining One
Jiyva

Shops:
D:3 [   D:4 =   Orc:2 :[([   Elf:1 (   Shoals:2 [*:(*   Shoals:4 [=*
Snake:1 (:!*   Snake:2 ?   Snake:4 (

Portals:
Trove: D:14 (give 17 scrolls of teleportation)

Annotations:
D:11 1 runed translucent door
Elf:2 2 runed doors


Innate Abilities, Weirdness & Mutations

You have a pair of horns on your head.
You reflexively headbutt those who attack you in melee.


Message History

You block the lindwurm's attack. The lindwurm completely misses you.
The dire elephant closely misses you. You furiously retaliate!
You headbutt the dire elephant, but do no damage.
The dire elephant trunk-slaps you.
You slash the lindwurm!
You kill the lindwurm!
Okawaru accepts your kill. You block the yaktaur captain's attack.
The ironbound thunderhulk completely misses you.
The dire elephant completely misses you.
You furiously retaliate!
You headbutt the dire elephant! The dire elephant barely misses you.
You slice the dire elephant!!
The dire elephant is moderately wounded.
Unknown command.
You slice the dire elephant!!
The dire elephant is severely wounded.
The dire elephant tramples you!!
You hold your ground!
The dire elephant closely misses you.
The yaktaur captain hits you but does no damage.
You block the ironbound thunderhulk's attack.
You are too injured to fight recklessly!
Unknown command.
You are too injured to fight recklessly!
Unknown command.
You are too injured to fight recklessly!
Unknown command.
You are too injured to fight recklessly!
Unknown command.
You are too injured to fight recklessly!
You slash the dire elephant!
The dire elephant is almost dead.
The dire elephant tramples you!!!
* * * LOW HITPOINT WARNING * * *
You hold your ground!
The dire elephant completely misses you.
The dire elephant tramples you!!
* * * LOW HITPOINT WARNING * * *
You stumble backwards!
The yaktaur captain hits you!
You die...

#.......# .......
..... ... #)#
#####'### #....[..#
#..cYY[.############
#..@Y...#.#.......#.
#...O...#.....~.....
#.......'..≈~~~.~~..
#.......#..≈~~≈≈~~..
#########..~~~⌠~≈~..
#..~≈~≈~~≈..
########
#..~~~~.~~..
#......#
#.....~.....
#......#
#.#.......#.


You could see 3 dire elephants, an ironbound thunderhulk and a yaktaur captain.

Vanquished Creatures
  An ancient lich (WizLab)
  Mara (Shoals:3)
  Rupert (D:14)
  3 deep elf blademasters
  5 deep elf master archers
  Gastronok (Lair:3)
  An ancient champion (WizLab)
  Polyphemus (Shoals:3)
  Kirke (D:14)
  Ilsuiw (Shoals:3)
  2 nagarajas
  6 deep elf sorcerers
  A fire giant (D:15)
  3 orc warlords
  3 vault wardens (Vaults:1)
  6 deep elf elementalists
  6 ironbound preservers (Vaults:1)
  A war gargoyle (Vaults:1)
  An ironbound thunderhulk (Vaults:1)
  3 deep elf annihilators
  7 deep elf demonologists
  A minotaur (Gauntlet)
  A dire elephant (Vaults:1)
  An entropy weaver (Vaults:1)
  Snorg (D:14)
  10 merfolk impalers
  7 deep elf death magi
  5 deep elf high priests
  2 merfolk javelineers
  7 vault guards
  3 salamander tyrants (Snake:4)
  8 boulder beetles
  6 hydras
  Fannar (Lair:3)
  A peacekeeper (Vaults:1)
  2 ironbound frosthearts (Vaults:1)
  4 catoblepae
  7 merfolk avatars
  10 naga warriors
  6 centaur warriors
  4 satyrs
  13 anacondas
  15 death yaks
  3 two-headed ogres
  5 merfolk aquamancers
  An alligator snapping turtle (Shoals:1)
  37 dancing weapons
  2 tengu warriors (D:15)
  5 orc high priests
  14 naga sharpshooters
  Urug (D:13)
  12 shock serpents
  22 deep elf knights
  A wretched star (Gauntlet)
  7 skeletal warriors (WizLab)
  6 salamander mystics
  25 deep trolls (Vaults:1)
  A steelbarb worm (shapeshifter) (Elf:1)
  12 sea snakes
  A bog body (IceCv)
  A wizard (D:14)
  4 ironbound convokers (Vaults:1)
  8 naga ritualists
  Pikel (D:8)
  3 orc knights
  31 deep elf pyromancers
  5 lindwurms
  34 harpies
  22 deep elf archers
  A harpy (shapeshifter) (D:15)
  A necromancer (IceCv)
  35 deep elf zephyrmancers
  14 ugly things
  2 orc sorcerers (Orc:2)
  21 fauns
  10 mana vipers
  6 cyclopes
  25 salamanders
  43 black mambas
  10 water nymphs
  15 manticores
  2 ice statues (IceCv)
  9 guardian serpents
  6 naga magi
  A torpor snail (shapeshifter) (D:14)
  9 merfolk sirens
  13 elephants
  Maurice (D:10)
  2 vault sentinels (Vaults:1)
  A water nymph (shapeshifter) (Elf:3)
  11 cane toads
  A gargoyle (D:11)
  3 rime drakes
  An efreet (D:15)
  2 kobold demonologists (D:13)
  Maggie (D:7)
  2 anaconda simulacra (IceCv)
  8 komodo dragons
  2 tengu conjurers (D:15)
  A freezing wraith (IceCv)
  5 yaktaurs (Vaults:1)
  4 ice devils (IceCv)
  10 trolls
  11 wind drakes
  A meliai (shapeshifter) (Elf:1)
  A tyrant leech (Gauntlet)
  4 polar bears
  36 merfolk
  8 blink frogs
  A tarantella (Vaults:1)
  3 dream sheep (Shoals:1)
  4 hornets
  17 slime creatures
  10 snapping turtles
  3 flying skulls (Gauntlet)
  4 dire elephant simulacra (IceCv)
  4 air elementals
  A wraith (D:13)
  A yak (shapeshifter) (Elf:3)
  5 vampires
  18 water elementals
  5 wyverns
  A hog (D:14)
  36 yaks
  7 basilisks
  4 fire elementals
  4 humans (D:14)
  A neqoxec (Gauntlet)
  A redback (Vaults:1)
  8 steam dragons
  4 wargs
  4 swamp worms (Gauntlet)
  3 two-headed ogre zombies (WizLab)
  Edmund (D:4)
  4 harpy simulacra (IceCv)
  43 nagas
  4 acid dragons
  17 water moccasins
  44 orc warriors
  A meliai simulacrum (D:14)
  3 ice beasts
  2 black bears
  A black bear (shapeshifter) (Elf:1)
  11 ogres
  5 centaurs
  16 wolves
  A phantom (D:7)
  3 kobold brigands
  A gnoll sergeant (D:10)
  3 scorpions
  13 bullfrogs
  2 necrophages
  4 earth elementals
  8 troll zombies (WizLab)
  5 wights (WizLab)
  An elephant simulacrum (IceCv)
  5 killer bees (D:10)
  3 howler monkeys
  4 hounds
  3 jellies
  Crazy Yiuf (D:4)
  26 orc priests
  4 iguanas
  Natasha (thrice) (D:4)
  28 orc wizards
  7 hell rats (Lair:5)
  6 ogre zombies (WizLab)
  2 wolf simulacra (IceCv)
  7 gnolls
  10 adders
  A naga simulacrum (IceCv)
  4 white imps
  An ufetubus (D:5)
  4 dart slugs
  124 orcs
  5 endoplasms
  3 giant cockroaches
  7 goblins
  12 hobgoblins
  11 kobolds
  3 quokkas
  8 ball pythons
  9 bats
  3 frilled lizards
  5 rats
1424 creatures vanquished.

Vanquished Creatures (others)
  Nikola (Snake:4)
  A merfolk impaler (Shoals:3)
  2 deep elf knights (Elf:2)
  A deep elf pyromancer (Elf:2)
  4 demonic plants (Gauntlet)
  19 fungi
  177 plants
205 creatures vanquished.

Grand Total: 1629 creatures vanquished

Notes
Turn   | Place    | Note
-------+----------+-------------------------------------------
     0 | D:1      | lorin the Minotaur Monk began the quest for the Orb.
     0 | D:1      | Reached XP level 1. HP: 19/19 MP: 0/0
   263 | D:1      | Reached XP level 2. HP: 27/27 MP: 1/1
   990 | D:2      | Reached XP level 3. HP: 33/33 MP: 2/2
  1089 | D:2      | Reached skill level 1 in Armour
  1311 | D:2      | Reached XP level 4. HP: 39/41 MP: 3/3
  1710 | D:2      | Found a faded altar of an unknown god.
  2053 | D:3      | Reached skill level 5 in Long Blades
  2108 | D:3      | Found a blossoming altar of Fedhas.
  2128 | D:3      | Found Ehutystagul's Armour Shop.
  2148 | D:3      | Bought a +0 pair of boots for 63 gold pieces
  2569 | D:3      | Found a bloodstained altar of Trog.
  2582 | D:3      | Reached skill level 4 in Dodging
  3049 | D:3      | Reached XP level 5. HP: 47/47 MP: 4/4
  3254 | D:4      | Found Wioquw's Jewellery Shop.
  3265 | D:4      | You fall into a shaft and drop 2 floors!
  3452 | D:6      | Noticed an ogre
  3460 | D:6      | Killed an ogre
  3541 | D:6      | Reached XP level 6. HP: 55/55 MP: 5/5
  3542 | D:5      | Entered Level 5 of the Dungeon
  3819 | D:4      | Found a shimmering altar of Xom.
  3887 | D:4      | Reached skill level 5 in Fighting
  3988 | D:4      | Noticed Edmund
  4008 | D:4      | Killed Edmund
  4293 | D:4      | Noticed Natasha
  4320 | D:4      | Found a glowing golden altar of the Shining One.
  4392 | D:4      | Killed Natasha
  4393 | D:4      | Reached XP level 7. HP: 46/61 MP: 6/6
  4446 | D:4      | Noticed Natasha
  4456 | D:4      | Killed Natasha
  4520 | D:4      | Noticed Natasha
  4531 | D:4      | Killed Natasha
  4785 | D:4      | Found a runed translucent door.
  4786 | D:4      | Noticed Crazy Yiuf
  5135 | D:5      | Reached skill level 5 in Dodging
  5139 | D:5      | Reached skill level 5 in Armour
  5624 | D:5      | Reached XP level 8. HP: 62/70 MP: 7/7
  6424 | D:6      | Found a staircase to the Ecumenical Temple.
  6488 | Temple   | Entered the Ecumenical Temple
  6498 | Temple   | Became a worshipper of Warmaster Okawaru
  6498 | Temple   | Reached * piety under Okawaru
  6498 | Temple   | Reached ** piety under Okawaru
  6900 | D:6      | Found an ancient bone altar of Kikubaaqudgha.
  7013 | D:6      | Reached skill level 6 in Dodging
  7728 | D:7      | Reached skill level 10 in Long Blades
  7728 | D:7      | Reached XP level 9. HP: 46/79 MP: 8/8
  7871 | D:7      | Found an opulent altar of Gozag.
  8066 | D:7      | Noticed Maggie
  8080 | D:7      | Killed Maggie
  8098 | D:7      | Identified the +7 ring mail "Epnol" {+Blink rN+ Int-2
                  | Dex+7}
  8724 | D:7      | Reached skill level 7 in Dodging
  8940 | D:8      | Reached *** piety under Okawaru
  9273 | D:8      | Noticed Pikel
  9286 | D:8      | Killed Pikel
  9497 | D:8      | Reached XP level 10. HP: 79/88 MP: 9/9
  9508 | D:8      | Reached skill level 8 in Dodging
  9796 | D:9      | Reached **** piety under Okawaru
  9894 | D:9      | Found a staircase to the Orcish Mines.
  9902 | D:9      | Identified the +9 falchion "Murmur" {freeze, *Corrode *Slow
                  | Int+5 Stlth+}
  9956 | D:9      | Found a sacrificial altar of Ru.
 10092 | D:9      | Reached skill level 9 in Dodging
 10147 | D:9      | Paralysed by a hornet for 1 turns
 10622 | D:10     | Entered Level 10 of the Dungeon
 10696 | D:10     | Reached ***** piety under Okawaru
 10786 | D:10     | Found a staircase to the Lair.
 10899 | D:10     | Noticed Maurice
 10928 | D:10     | Killed Maurice
 10969 | D:10     | Reached XP level 11. HP: 97/97 MP: 10/10
 11000 | D:10     | Found a radiant altar of Vehumet.
 11173 | D:10     | Found a stormy altar of Qazlal.
 11187 | D:10     | Found a shimmering blue altar of Sif Muna.
 11302 | D:11     | Noticed a boulder beetle
 11342 | D:11     | Killed a boulder beetle
 11342 | D:11     | Identified the +7 ring mail "Lomowur" {+Blink rElec rF+
                  | rN+} (Okawaru gifted it to you on level 11 of the Dungeon)
 11342 | D:11     | Received a gift from Okawaru
 11547 | D:11     | Noticed a boulder beetle
 11570 | D:11     | Killed a boulder beetle
 11613 | D:11     | Reached skill level 10 in Dodging
 11793 | D:11     | Found a runed translucent door.
 11793 | D:11     | Noticed a tengu warrior
 11794 | D:11     | Noticed a seven-headed hydra
 11796 | D:11     | Noticed a flayed ghost
 11796 | D:11     | Noticed a boulder beetle
 11797 | D:11     | Identified the +7 rapier of Jeosan {vorpal, rF+ Int+5}
 11797 | D:11     | Noticed a six-headed hydra
 11816 | D:11     | Reached skill level 10 in Fighting
 12099 | D:12     | Noticed a boulder beetle
 12118 | D:12     | Killed a boulder beetle
 12421 | D:12     | Reached skill level 15 in Long Blades
 12791 | D:12     | Noticed a deep elf pyromancer
 12800 | D:12     | Killed a deep elf pyromancer
 12949 | D:12     | Noticed a brown ugly thing
 12968 | D:12     | Killed a brown ugly thing
 12969 | D:12     | Reached XP level 12. HP: 99/110 MP: 11/11
 13170 | D:13     | Noticed a two-headed ogre
 13174 | D:13     | Killed a two-headed ogre
 13175 | D:13     | Identified the +8 war axe of Sin {speed, rN+ Will+ Dex+4}
 13184 | D:13     | Noticed a two-headed ogre
 13196 | D:13     | Killed a two-headed ogre
 13235 | D:13     | Reached skill level 11 in Dodging
 13295 | D:13     | Noticed Urug
 13305 | D:13     | Killed Urug
 13305 | D:13     | Received a gift from Okawaru
 13306 | D:13     | Reached skill level 1 in Invocations
 13371 | D:13     | Noticed a centaur warrior
 13373 | D:13     | Noticed a boulder beetle
 13632 | D:13     | Identified the +2 scale mail of the Carpenter {Int+5}
 13884 | D:13     | Killed a centaur warrior
 13920 | D:13     | Killed a boulder beetle
 14053 | D:14     | Reached skill level 10 in Armour
 14138 | D:14     | Noticed a centaur warrior
 14149 | D:14     | Killed a centaur warrior
 14149 | D:14     | Reached ****** piety under Okawaru
 14194 | D:14     | Noticed Snorg
 14251 | D:14     | Noticed a boulder beetle
 14275 | D:14     | Killed a boulder beetle
 14380 | D:14     | Noticed a boulder beetle
 14403 | D:14     | Killed a boulder beetle
 14403 | D:14     | Identified the +3 buckler "Hath" {rPois Regen+ Slay+3}
                  | (Okawaru gifted it to you on level 14 of the Dungeon)
 14403 | D:14     | Received a gift from Okawaru
 14498 | D:14     | Found a gate to the Vaults.
 14498 | D:14     | Noticed a four-headed hydra
 14498 | D:14     | Noticed a centaur warrior
 14498 | D:14     | Noticed a vault guard
 14498 | D:14     | Noticed a vault guard
 14498 | D:14     | Noticed a vault guard
 14498 | D:14     | Noticed Kirke
 14498 | D:14     | Noticed a vault guard
 14613 | Lair:1   | Entered Level 1 of the Lair of Beasts
 15170 | Lair:1   | Reached skill level 1 in Shields
 15635 | Lair:2   | Reached XP level 13. HP: 122/122 MP: 13/13
 15647 | Lair:2   | Reached skill level 12 in Dodging
 15707 | Lair:2   | Identified the +0 leather armour "Kamyzian" {rElec rN+
                  | Int-4 SInv}
 15774 | Lair:2   | Found a staircase to the Shoals.
 16559 | Lair:3   | Identified the +0 hat "Unaiclo" {rCorr} (Okawaru gifted it
                  | to you on level 3 of the Lair of Beasts)
 16559 | Lair:3   | Received a gift from Okawaru
 16733 | Lair:3   | Reached skill level 5 in Shields
 16858 | Lair:3   | Noticed Gastronok
 16871 | Lair:3   | Killed Gastronok
 17010 | Lair:3   | Found a staircase to the Snake Pit.
 17118 | Lair:3   | Noticed Fannar
 17136 | Lair:3   | Killed Fannar
 17537 | Lair:4   | Reached skill level 13 in Dodging
 17763 | Lair:4   | Found a gate leading to a gauntlet.
 17781 | Gauntlet | Entered a Gauntlet
 17781 | Gauntlet | Found a transporter.
 17781 | Gauntlet | Found a transporter.
 17781 | Gauntlet | Found a transporter.
 17785 | Gauntlet | Found a transporter.
 17785 | Gauntlet | Found a transporter.
 17791 | Gauntlet | Found a transporter.
 17797 | Gauntlet | Found a transporter.
 17801 | Gauntlet | Found a transporter.
 17812 | Gauntlet | Found a transporter.
 17830 | Gauntlet | Found a transporter.
 17855 | Gauntlet | Found a transporter.
 17858 | Gauntlet | Found a transporter.
 17982 | Gauntlet | Reached XP level 14. HP: 88/133 MP: 14/14
 17998 | Gauntlet | Identified the +1 pair of gloves of the Depths {Will+
                  | Int+3}
 18052 | Gauntlet | Identified the ring "Suepru" {Will+ Str+3 Int+5}
 18143 | Gauntlet | Identified the +0 ice dragon scales of Zydanuic {rF- rC++
                  | rCorr Str+10 Int-4 Dex-5}
 18143 | Gauntlet | Identified the ring of Xereciduc {Drain rPois rN++ Stlth+}
 18238 | Lair:4   | Received a gift from Okawaru
 18239 | Lair:4   | Reached skill level 15 in Fighting
 18737 | Lair:5   | Entered Level 5 of the Lair of Beasts
 18770 | Lair:5   | Identified the +2 chain mail of the Eagle {rN+}
 19026 | Lair:5   | Received a gift from Okawaru
 19366 | Lair:5   | Identified the +4 scale mail of Vexation {rN++} (Okawaru
                  | gifted it to you on level 5 of the Lair of Beasts)
 19366 | Lair:5   | Received a gift from Okawaru
 19393 | Lair:5   | Identified a scroll of acquirement
 19394 | Lair:5   | Acquired the +4 cloak of Daffodils {Harm rN+}
 19479 | Lair:5   | Reached skill level 14 in Dodging
 19520 | Lair:5   | Found a viscous altar of Jiyva.
 19521 | Lair:5   | Found a staircase to the Slime Pits.
 19549 | Lair:5   | Noticed Sonja
 19550 | Lair:5   | Noticed Sonja
 19550 | Lair:5   | Sonja changed into Sonja the polar bear
 19556 | Lair:5   | Killed Sonja the polar bear
 20024 | Orc:1    | Entered Level 1 of the Orcish Mines
 20218 | Orc:2    | Entered Level 2 of the Orcish Mines
 20273 | Orc:2    | Found a frozen archway.
 20362 | Orc:2    | Noticed an orc warlord
 20363 | Orc:2    | Noticed an orc warlord
 20388 | Orc:2    | Killed an orc warlord
 20392 | Orc:2    | Killed an orc warlord
 20393 | Orc:2    | Reached XP level 15. HP: 118/145 MP: 13/15
 20430 | IceCv    | Entered an ice cave
 20926 | Orc:2    | Found a staircase to the Elven Halls.
 21006 | Orc:2    | Found Litumuw's Book Shop.
 21058 | Orc:2    | Found a radiant altar of Vehumet.
 21086 | Orc:2    | Identified the +4 scimitar of Lies {freeze, Fly Will+
                  | Str+2} (Okawaru gifted it to you on level 2 of the Orcish
                  | Mines)
 21086 | Orc:2    | Received a gift from Okawaru
 21384 | Orc:2    | Found Comm's Antique Armour Shop.
 21389 | Orc:2    | Bought a pair of distressingly furry gloves for 209 gold
                  | pieces
 21389 | Orc:2    | Identified the +0 pair of gloves of Zogaesme {Fly} (You
                  | bought it in a shop on level 2 of the Orcish Mines)
 21651 | Orc:2    | Found Semeist's Antique Armour Shoppe.
 21653 | Orc:2    | Found Zethroadgh's Antique Weapon Emporium.
 21838 | Orc:1    | Noticed an orc warlord
 21890 | Orc:1    | Killed an orc warlord
 22160 | D:4      | Bought the amulet of Rar Idd {Acrobat rElec Int+4 SInv} for
                  | 792 gold pieces
 22216 | D:4      | Killed Crazy Yiuf
 22401 | Shoals:1 | Entered Level 1 of the Shoals
 22419 | Shoals:1 | Received a gift from Okawaru
 22636 | Shoals:1 | Reached skill level 15 in Dodging
 23598 | Shoals:2 | Received a gift from Okawaru
 23909 | Shoals:2 | Found Nevum's Visitors' Centre.
 24031 | Shoals:2 | Reached XP level 16. HP: 86/157 MP: 16/16
 24143 | Shoals:2 | Identified the +5 great sword "Ohoen" {freeze, rCorr Str-3
                  | Int+4} (Okawaru gifted it to you on level 2 of the Shoals)
 24143 | Shoals:2 | Received a gift from Okawaru
 24259 | Shoals:2 | Found Ysihasm's Book Emporium.
 24285 | Shoals:2 | Found Nevum's Merfolk Magic.
 24290 | Shoals:2 | Found Nevum's Merfolk Armours.
 24290 | Shoals:2 | Found Nevum's Merfolk Weapons.
 24475 | Snake:1  | Entered Level 1 of the Snake Pit
 24484 | Snake:1  | Reached skill level 16 in Dodging
 24557 | Snake:1  | Found Osurhuic's General Store.
 24687 | Snake:1  | Found Qeuzaur's Weapon Shoppe.
 24689 | Snake:1  | Found Luin's Book Emporium.
 24691 | Snake:1  | Found Uteuna's Distillery.
 24699 | Snake:1  | Bought a potion of resistance for 130 gold pieces
 25266 | Snake:2  | Found Weucaren's Magic Scroll Boutique.
 25279 | Snake:2  | Bought a scroll of immolation for 60 gold pieces
 25279 | Snake:2  | Bought a scroll of fear for 60 gold pieces
 25538 | Snake:3  | Received a gift from Okawaru
 26407 | Snake:4  | Entered Level 4 of the Snake Pit
 26511 | Snake:4  | Reached skill level 17 in Dodging
 26543 | Snake:4  | Identified the +1 plate armour "Seinnur" {rF+} (Okawaru
                  | gifted it to you on level 4 of the Snake Pit)
 26543 | Snake:4  | Received a gift from Okawaru
 26668 | Snake:3  | Reached XP level 17. HP: 159/169 MP: 17/17
 26953 | Snake:4  | Noticed Nikola
 26955 | Snake:4  | Found a white marble altar of Elyvilon.
 26971 | Snake:4  | Killed Nikola
 26985 | Snake:4  | Found Cogakk's Weapon Emporium.
 27600 | Snake:4  | Reached skill level 18 in Dodging
 27710 | Snake:4  | Got a serpentine rune of Zot
 28066 | Shoals:3 | Noticed Ilsuiw
 28076 | Shoals:3 | Noticed Polyphemus
 28249 | Shoals:3 | Received a gift from Okawaru
 28410 | Shoals:3 | Killed Polyphemus
 28415 | Shoals:3 | Noticed Mara
 28519 | Shoals:3 | Noticed lorin's illusion
 28531 | Shoals:3 | Noticed lorin's illusion
 28568 | Shoals:3 | Killed Mara
 28569 | Shoals:3 | Reached skill level 19 in Dodging
 28727 | Shoals:3 | Reached XP level 18. HP: 127/180 MP: 18/18
 29192 | Shoals:3 | Killed Ilsuiw
 29383 | Shoals:4 | Entered Level 4 of the Shoals
 29529 | Shoals:4 | Found Guegrur's Assorted Antiques.
 29542 | Shoals:4 | Reached skill level 20 in Dodging
 29558 | Shoals:4 | Bought a fading scimitar for 342 gold pieces
 29558 | Shoals:4 | Identified the +6 scimitar "Gig Nun" {spect, Dex+2} (You
                  | bought it in a shop on level 4 of the Shoals)
 29616 | Shoals:4 | Received a gift from Okawaru
 30067 | Shoals:4 | Found Meczeic's Antique Armour Boutique.
 30082 | Shoals:4 | Bought a pair of glowing boots for 165 gold pieces
 30083 | Shoals:4 | Bought a fine buckler for 209 gold pieces
 30083 | Shoals:4 | Identified the +4 buckler of the Grey Skies {rC+ Stlth+}
                  | (You bought it in a shop on level 4 of the Shoals)
 30093 | Shoals:4 | Got a barnacled rune of Zot
 30142 | Shoals:4 | Found Haryinaq's Jewellery Shop.
 30555 | D:14     | Killed Snorg
 30611 | D:14     | Received a gift from Okawaru
 30612 | D:14     | Reached skill level 21 in Dodging
 30793 | D:14     | Killed Kirke
 30926 | D:14     | Noticed Rupert
 30928 | D:14     | Found a portal to a secret trove of treasure.
 30932 | D:14     | Killed Rupert
 31277 | Shoals:4 | Bought a scroll of teleportation for 114 gold pieces
 31328 | Shoals:2 | Bought a scroll of teleportation for 300 gold pieces
 31444 | D:15     | Entered Level 15 of the Dungeon
 31499 | D:15     | Found a staircase to the Depths.
 31927 | D:15     | Reached skill level 15 in Armour
 32218 | Elf:1    | Entered Level 1 of the Elven Halls
 32309 | Elf:1    | Found a magical portal.
 32323 | WizLab   | Entered Zonguldrok's Shrine
 32554 | WizLab   | Reached XP level 19. HP: 158/188 MP: 19/19
 32573 | WizLab   | Reached skill level 22 in Dodging
 32575 | WizLab   | Identified the +1 scimitar "Uvagu" {pain, rN+ rCorr Str-5}
                  | (Okawaru gifted it to you in a wizard's laboratory)
 32575 | WizLab   | Received a gift from Okawaru
 32603 | WizLab   | Noticed an antique lich
 32614 | WizLab   | Killed an antique lich
 32648 | WizLab   | Found the +9 sword of Zonguldrok {reap}
 32966 | Elf:1    | Identified the +8 great sword "Sopniocvae" {flame, +Blink
                  | rF+} (Okawaru gifted it to you on level 1 of the Elven
                  | Halls)
 32966 | Elf:1    | Received a gift from Okawaru
 33164 | Elf:1    | Found Viela's Weapon Shoppe.
 33512 | Elf:2    | Found a huge runed gate.
 33520 | Elf:2    | Found a huge runed gate.
 33521 | Elf:2    | Found a huge runed gate.
 33521 | Elf:2    | Found a huge runed gate.
 33522 | Elf:2    | Found a huge runed gate.
 33523 | Elf:2    | Found a huge runed gate.
 33523 | Elf:2    | Found a huge runed gate.
 33523 | Elf:2    | Found a huge runed gate.
 33523 | Elf:2    | Found a huge runed gate.
 33523 | Elf:2    | Found a huge runed gate.
 33523 | Elf:2    | Found a huge runed gate.
 33523 | Elf:2    | Found a huge runed gate.
 33523 | Elf:2    | Found a huge runed gate.
 33531 | Elf:2    | Found a huge runed gate.
 33532 | Elf:2    | Found a huge runed gate.
 33537 | Elf:2    | Found a huge runed gate.
 33537 | Elf:2    | Found a huge runed gate.
 33541 | Elf:2    | Found a huge runed gate.
 33542 | Elf:2    | Found a huge runed gate.
 33554 | Elf:2    | Found a huge runed gate.
 33554 | Elf:2    | Found a huge runed gate.
 33554 | Elf:2    | Found a huge runed gate.
 33554 | Elf:2    | Found a huge runed gate.
 33554 | Elf:2    | Found a huge runed gate.
 33554 | Elf:2    | Found a huge runed gate.
 33555 | Elf:2    | Found a huge runed gate.
 33556 | Elf:2    | Found a huge runed gate.
 33557 | Elf:2    | Found a huge runed gate.
 33566 | Elf:2    | Found a huge runed gate.
 33566 | Elf:2    | Found a huge runed gate.
 33566 | Elf:2    | Found a huge runed gate.
 33566 | Elf:2    | Found a huge runed gate.
 33566 | Elf:2    | Found a huge runed gate.
 33580 | Elf:2    | Found a huge runed gate.
 33580 | Elf:2    | Found a huge runed gate.
 33583 | Elf:2    | Found a huge runed gate.
 33709 | Elf:2    | Reached skill level 5 in Invocations
 33888 | Elf:2    | Found a runed translucent door.
 33912 | Elf:2    | Found a runed translucent door.
 33989 | Elf:3    | Entered Level 3 of the Elven Halls
 34038 | Elf:3    | Identified the +1 pair of boots of Barch {Harm +Blink rElec
                  | Str-3} (Okawaru gifted it to you on level 3 of the Elven
                  | Halls)
 34038 | Elf:3    | Received a gift from Okawaru
 34771 | Elf:3    | Identified the amulet "Cure" {RegenMP rPois Slay+3}
 34780 | Elf:3    | Reached XP level 20. HP: 121/203 MP: 23/23
 35202 | Elf:2    | Reached skill level 23 in Dodging
 35580 | Elf:3    | Identified the +1 cloak "Kuablei" {rC+ Will+ Int+3}
 35587 | Elf:3    | Identified the ring "Buhir" {*Corrode Drain rF+++ rN+
                  | Int+6}
 35625 | Elf:3    | Identified the +9 sling of Dithmenos's Envy {vorpal, rPois}
 35632 | Elf:3    | Got Ruimpeyt's Anthology of Transfiguration and the
                  | Traveller
 35710 | Elf:3    | Identified the +5 hand axe "Qen Boit" {distort, Int-2
                  | Dex+6}
 36045 | Elf:3    | Identified the +5 scale mail of Damp Liberty {Str+4}
                  | (Okawaru gifted it to you on level 3 of the Elven Halls)
 36045 | Elf:3    | Received a gift from Okawaru
 37356 | Elf:1    | Bought a +5 double sword of protection for 540 gold pieces
 37605 | Vaults:1 | Entered Level 1 of the Vaults
 37850 | Vaults:1 | Reached skill level 24 in Dodging
 38562 | Vaults:1 | Received a gift from Okawaru
 38591 | Vaults:1 | Slain by a yaktaur captain

Illustrated notes

Levels and vault maps discovered:
D:1:      minmay_arrival_plants_in_alcoves, layout_basic
D:2:      layout_loops_ring, ebering_ecumenical_altar_mist, dk_noncrumbling_3,
          minmay_octomino_c4
D:3:      layout_basic, trog_butcher_becter, mainiacjoe_overflow_24_doors,
          serial_co_window_serial, co_window_corner_a, co_window_corner_a,
          co_window_paths_a, co_window_corner_a, co_window_of_opportunity_a,
          co_window_paths_b, co_window_cross_4, co_window_cross_3,
          co_window_corner_cb, co_window_of_opportunity_b, co_window_4corner_a,
          glass_columns_b, glass_columns_c, glass_columns_a, glass_columns_a,
          serial_shops, shop
D:4:      cheibrodos_helix_gallery, layout_loops_ring,
          mainiacjoe_overflow_six_doors_small,
          mainiacjoe_overflow_cross_hatched, serial_shops, kennysheep_mini_moat,
          nicolae_shop_trees, serial_bayou_pond_a, uniq_edmund,
          uniq_crazy_yiuf_cottage, uniq_natasha
D:5:      layout_cave_pods, kennysheep_nondescript
D:6:      layout_loops_corners, mainiacjoe_overflow_alcove_1,
          minmay_temple_entry_antechambers, serial_aquarium,
          aquarium_bridge_square [aquarium_subvault_window,
          aquarium_subvault_bridge, aquarium_subvault_balcony,
          aquarium_subvault_wall], aquarium_window_1, aquarium_window_corner,
          aquarium_window_corridor_3, aquarium_view_2g
D:7:      layout_loops_corners, mainiacjoe_overflow_catwalk, kennysheep_potato,
          uniq_maggie
D:8:      layout_loops_cross, special_room [special_room_orc], uniq_pikel
D:9:      layout_long_grid, nicolae_ru_great_annihilating_truth, orc_0_dummy
D:10:     layout_rooms, nicolae_sif_muna_little_library,
          nicolae_vehumet_radiance, mainiacjoe_overflow_alcove_4, uniq_maurice
D:11:     layout_loops_ring, minmay_st_funbox
D:12:     layout_irregular_city, glass_columns_a
D:13:     layout_basic, kennysheep_generic_room_2, uniq_urug
D:14:     layout_cave_pods, lightli_vaults_fourway_checkpoint,
          nicolae_trove_entry_crystal, hangedman_decor_slide_cut,
          grunt_ministairs_6, uniq_rupert, uniq_snorg, uniq_kirke
D:15:     grunt_enter_depths_giant_problem, layout_basic, serial_bayou_shore_b
Temple:   hellmonk_temple_two_chambers
Lair:1:   layout_cave_pods, serial_forest, infiniplex_forest_clump_tiny,
          infiniplex_forest_clump_curved, infiniplex_forest_clump_tiny,
          infiniplex_forest_straight_2, infiniplex_forest_straight_5,
          infiniplex_forest_clump_curved, infiniplex_forest_join,
          infiniplex_forest_clump_medium, serial_bayou_pond_a
Lair:2:   layout_hall_layers, minmay_shoals_entry_beasts
Lair:3:   layout_cave_pods, minmay_snake_entry_six_corridors, uniq_gastronok,
          uniq_fannar
Lair:4:   layout_regular_city, gauntlet_entry_generic, grunt_megastairs_2
Lair:5:   gammafunk_lair_ancient_temple, layout_regular_city,
          minmay_slime_entry_pillars, kennysheep_basilisk_garden, uniq_sonja
Shoals:1: layout_shoals
Shoals:2: nicolae_shoals_mermall, layout_shoals, serial_shops,
          nicolae_shop_window_shopping
Shoals:3: layout_shoals, nicolae_shoals_spring_well_temple, uniq_polyphemus,
          uniq_mara, uniq_ilsuiw
Shoals:4: shoals_end_grunt_garden, layout_shoals, serial_shops,
          nicolae_shop_statue_plus, nicolae_lakefront_shop, shop
Snake:1:  layout_rooms, serial_shops, shop, minmay_shop_star
Snake:2:  layout_onion, serial_shops, nicolae_shop_hallway_plus
Snake:3:  kennysheep_six_static_rooms, layout_basic
Snake:4:  snake_pit_salamanders_mu, layout_misc_corridors, serial_shops, shop,
          basic_altar, uniq_nikola
Orc:1:    layout_caves
Orc:2:    grunt_orc_community_town_hall, layout_caves,
          grunt_orc_community_big_house_2, grunt_orc_community_big_house_2,
          grunt_orc_community_house_2, grunt_orc_community_house_1,
          grunt_orc_community_house_2, grunt_orc_community_house_3,
          portal_ice_cave_entry_pillars_1, basic_altar, minmay_orc_temple_c
Elf:1:    eino_elf_arrival_shootout, layout_geoelf_octagon, mu_enter_wizlab_4,
          serial_shops, shop_statue, minivault_28
Elf:2:    nicolae_elf_blades_splatter_lattice
          [nicolae_blade_entry_splitting_headache], layout_geoelf_octagon,
          door_vault
Elf:3:    elf_hall, layout_loops_ring
Vaults:1: v_misc_29, nicolae_vaults_little_squares_6, vaults_mumra_chevron_long,
          v_alt_pattern_1, v_misc_24, nicolae_vaults_little_ls, v_misc_22,
          grunt_vaults_funnel, ontoclasm_vaults_idyll, vaults_room_octagon,
          vaults_mumra_hex, vaults_room_door_hall,
          nicolae_vaults_ninety_degrees, v_misc_22, layout_vaults_maze

Skill      XL: |  1  2  3  4  5  6  7  8  9 10 11 12 13 14 15 16 17 18 19 20 |
---------------+-------------------------------------------------------------+-----
Fighting       | 4 5 6 7 8 9 11 13 14 16 18 19 20 23 | 23.7
Long Blades    | 4 5 6 8 10 12 13 15 16 17 18 19 20 21 22 | 22.1
Armour         | 1 2 3 4 5 7 8 9 10 11 12 13 15 | 15.3
Dodging        | 4 5 6 7 9 10 11 13 14 15 17 19 21 22 24 | 24.5
Invocations    | 1 2 6 7 |  7.2
Shields        | 1 6 8 |  8.1
Stealth        | |  1.5
Evocations     | |  0.9

Action                   |  1- 3 |  4- 6 |  7- 9 | 10-12 | 13-15 | 16-18 | 19-21 || total
-------------------------+-------+-------+-------+-------+-------+-------+-------++-------
Melee: Falchion          |    58 |   130 |   230 |   577 |   855 |   556 |       ||  2406
       Headbutt          |     8 |    26 |    59 |   161 |   363 |   382 |   206 ||  1205
       Punch             |       |       |     7 |     4 |       |       |       ||    11
       Long sword        |       |       |       |       |   312 |     8 |       ||   320
       Scimitar          |       |       |       |       |   131 |   685 |    36 ||   852
       Double sword      |       |       |       |       |       |       |   787 ||   787
Invok: Heroism           |       |       |     1 |     3 |     5 |     1 |     1 ||    11
       Finesse           |       |       |       |       |       |       |     1 ||     1
Evoke: Wand              |       |       |       |       |     1 |       |       ||     1
  Use: Scroll            |       |    12 |     6 |    10 |     6 |     7 |     4 ||    45
       Potion            |       |       |     1 |       |     5 |       |       ||     6
 Stab: Sleeping          |     2 |     8 |     3 |     2 |     6 |     6 |     5 ||    32
       Distracted        |       |       |     1 |       |     1 |     2 |     1 ||     5
       Paralysed         |       |       |       |     1 |       |       |       ||     1
       Petrified         |       |       |       |       |     2 |     1 |       ||     3
Armor: Leather armour    |    15 |    30 |    41 |       |       |       |       ||    86
       Ring mail         |       |       |    23 |   139 |   270 |   247 |   145 ||   824
Dodge: Dodged            |    25 |    83 |   141 |   322 |   954 |  1243 |   764 ||  3532
Block: Buckler           |       |       |       |    27 |   550 |   710 |   370 ||  1657
       Kite shield       |       |       |       |       |    51 |       |       ||    51
